 Dungeon Crawl Stone Soup version 0.28.0-53-g5a82cb258f (webtiles) character file.

Game seed: 10158154550647706446

3815 dranuc9 the Thaumaturge (level 9, -3/49 HPs)
             Began as a Deep Elf Conjurer on June 26, 2022.
             Was a Believer of Vehumet.
             Slain by a death yak (24 damage)
             ... on level 8 of the Dungeon.
             The game lasted 01:53:48 (10710 turns).

dranuc9 the Thaumaturge (Deep Elf Conjurer)        Turns: 10710, Time: 01:54:14

Health: -3/49      AC:  6    Str:  4    XL:     9   Next: 97%
Magic:  10/25      EV: 13    Int: 34    God:    Vehumet [**....]
Gold:   444        SH:  0    Dex: 19    Spells: 15/28 levels left

rFire   + . .      SeeInvis .   s - staff of conjuration
rCold   x . .      Faith    .   (no shield)
rNeg    . . .      Spirit   .   a - +0 robe
rPois   .          Reflect  .   c - +2 helmet "Gacles" {Int+6}
rElec   .          Harm     .   (no cloak)
rCorr   .          Rampage  .   b - +0 pair of gloves
Will    .....                   (no boots)
Stlth   +++.......              y - amulet of the acrobat
HPRegen 0.16/turn               n - +6 ring of dexterity
MPRegen 0.19/turn               g - ring of fire

@: no status effects
A: no striking features
a: Renounce Religion


You were on level 8 of the Dungeon.
You worshipped Vehumet.
Vehumet was pleased with you.
You visited 1 branch of the dungeon, and saw 8 of its levels.

You collected 444 gold pieces.

Inventory:

Hand Weapons
 f - a +2 dagger of holy wrath
 j - the +6 flail "Eduase" {freeze, rC++ Str-5}
   (You found it on level 2 of the Dungeon)

   It freezes those it strikes, dealing additional cold damage.
   It can also slow down cold-blooded creatures.
   Str:       It affects your strength (-5).
   rC:        It greatly protects you from cold.
 l - a +2 dagger of venom
 m - a +1 whip of venom
 p - a +0 dagger of venom
 q - a +0 dagger
 x - a +2 short sword of electrocution
 E - a +1 whip of flaming
 F - a +3 hand axe
 G - a +4 battleaxe
Missiles
 e - 133 arrows
 w - 6 poisoned darts
Armour
 a - a +0 robe (worn)
 b - a +0 pair of gloves (worn)
 c - the +2 helmet "Gacles" (worn) {Int+6}
   (You acquired it on level 2 of the Dungeon)

   Int:       It affects your intelligence (+6).
Magical Staves
 s - a staff of conjuration (weapon)
 J - a staff of fire
Jewellery
 d - a ring of flight
 g - a ring of fire (right hand)
 n - a +6 ring of dexterity (left hand)
 y - an amulet of the acrobat (around neck)
Wands
 B - a wand of flame (20)
 I - a wand of digging (6)
 K - a wand of polymorph (7)
Scrolls
 A - a scroll of immolation {unknown}
 D - a scroll of torment
 H - a scroll of fog {unknown}
 L - a scroll of magic mapping {unknown}
 M - a scroll of identify
Potions
 h - 2 potions of attraction
 i - 2 potions of curing
 k - 2 potions of cancellation {unknown}
 o - 2 potions of ambrosia {unknown}
 r - a potion of heal wounds {unknown}
 t - a potion of haste {unknown}
 v - 3 potions of flight {unknown}
 z - a potion of resistance {unknown}
 C - a potion of mutation {unknown}


   Skills:
 * Level 2.9 Fighting
 * Level 3.0 Short Blades
 * Level 4.7 Bows
 + Level 2.7 Dodging
 * Level 4.5 Stealth
 * Level 10.2 Spellcasting
 * Level 8.7 Conjurations
 + Level 2.7 Hexes
 * Level 4.1 Necromancy
 * Level 3.0 Fire Magic
 - Level 0.2 Air Magic
 * Level 3.7 Poison Magic
 + Level 3.2 Evocations


You had 15 spell levels left.
You knew the following spells:

 Your Spells              Type           Power      Damage    Failure   Level
a - Magic Dart            Conj           100%       1d8       1%          1
b - Searing Ray           Conj           100%       2d8       1%          2
c - Poisonous Vapours     Pois/Air       60%        N/A       1%          2
d - Sting                 Tmut/Pois      100%       1d8       1%          1
e - Fulminant Prism       Conj/Hex       35%        3d18      2%          4
f - Stone Arrow           Conj/Erth      100%       3d13      1%          3

Your spell library contained the following spells:

 Spells                   Type           Power      Damage    Failure   Level
 Inner Flame              Hex/Fire       53%        N/A       2%          3
 Dazzling Flash           Conj/Hex       100%       N/A       1%          3
 Iskenderun's Mystic Bla  Conj/Tloc      63%        2d13      4%          4
 Olgreb's Toxic Radiance  Pois           42%        N/A       5%          4
 Animate Armour           Summ/Erth      34%        N/A       26%         4
 Lehudib's Crystal Spear  Conj/Erth      31%        10d8      100%        8


Dungeon Overview and Level Annotations

Branches:
Dungeon (8/15)             Temple (0/1) D:6            Lair (0/6) D:8

Altars:
Elyvilon
Fedhas
Kikubaaqudgha
Nemelex Xobeh
Vehumet
Wu Jian

Shops:
D:1 :   D:2 (

Annotations:
D:5 1 runed translucent door


Message History

Confirm with . or Enter, or press ? or * to list all spells.
Aiming: Stone Arrow (safe; 1% risk of failure)
Press: ? - help, Shift-Dir - straight line, f - death yak
Aim: a death yak (92% to hit)
You feel a surge of power!
The stone arrow hits the death yak!!
The death yak is heavily wounded.
The death yak closely misses you.
Casting: Stone Arrow (safe; 1% risk of failure)
Confirm with . or Enter, or press ? or * to list all spells.
Aiming: Stone Arrow (safe; 1% risk of failure)
Press: ? - help, Shift-Dir - straight line, f/p - death yak
Aim: a death yak (moderately wounded, 92% to hit)
You feel a surge of power!
The stone arrow hits the death yak!
The death yak is heavily wounded.
The death yak gores you but does no damage.
Casting: Stone Arrow (safe; 1% risk of failure)
Confirm with . or Enter, or press ? or * to list all spells.
Aiming: Stone Arrow (safe; 1% risk of failure)
Press: ? - help, Shift-Dir - straight line, f/p - death yak
Aim: a death yak (heavily wounded, 92% to hit)
You feel a surge of power!
The stone arrow hits the death yak!!
The death yak is severely wounded.
The death yak gores you!
Casting: Stone Arrow (safe; 1% risk of failure)
Confirm with . or Enter, or press ? or * to list all spells.
Aiming: Stone Arrow (safe; 1% risk of failure)
Press: ? - help, Shift-Dir - straight line, f/p - death yak
Aim: a death yak (severely wounded, 92% to hit)
You feel a surge of power!
The stone arrow hits the death yak!
The death yak is almost dead.
The death yak gores you.
Casting: Stone Arrow (safe; 1% risk of failure)
Confirm with . or Enter, or press ? or * to list all spells.
Aiming: Stone Arrow (safe; 1% risk of failure)
Press: ? - help, Shift-Dir - straight line, f/p - death yak
Aim: a death yak (almost dead, 92% to hit)
You feel a surge of power!
The stone arrow hits the death yak!
The death yak is almost dead.
The death yak gores you!!
You die...

..#...
......
.#####
######
.###.# # #
.[.... #.#.
##.##
#....######
....#.
#......Y..##
.##...
.......@...#
..#
.♣♣♣♣♣♣♣♣♣.#
#...# #.#.#
..#... #.#
#. #... .
#.# . ..


You could see a death yak.

Vanquished Creatures
  Pikel (D:7)
  The ghost of bchevrier the Protected, a novice GnWn of Elyvilon (D:5)
  Grinder (D:4)
  Sigmund (D:2)
  A wraith (D:6)
  3 sky beasts (D:6)
  A black bear (D:5)
  An ice beast (D:7)
  An ogre (D:5)
  A necrophage (D:3)
  A phantom (D:6)
  3 lemures (D:7)
  2 bullfrogs (D:7)
  2 kobold brigands
  A scorpion (D:6)
  A water moccasin skeleton (D:6)
  7 killer bees (D:7)
  4 wights (D:7)
  A bullfrog zombie (D:7)
  2 centaur zombies
  2 hounds
  4 orc priests
  4 jellies
  A centaur skeleton (D:4)
  3 bullfrog skeletons
  5 iguanas
  4 orc wizards
  7 gnolls
  9 adders
  A river rat (D:5)
  A white imp (D:7)
  An adder skeleton (D:4)
  3 dart slugs
  18 orcs
  5 endoplasms
  5 giant cockroaches
  12 hobgoblins
  4 quokkas
  12 ball pythons
  2 bats
  3 frilled lizards (D:3)
  12 goblins
  17 kobolds
  6 rats
  A fulminant prism (D:5)
178 creatures vanquished.

Vanquished Creatures (others)
  53 fulminant prisms
  20 plants (D:3)
73 creatures vanquished.

Grand Total: 251 creatures vanquished

Notes
Turn   | Place    | Note
-------+----------+-------------------------------------------
     0 | D:1      | dranuc9 the Deep Elf Conjurer began the quest for the Orb.
     0 | D:1      | Reached XP level 1. HP: 10/10 MP: 6/6
    71 | D:1      | Found Anumyes's Book Shop.
   303 | D:1      | Reached XP level 2. HP: 15/15 MP: 5/8
   385 | D:1      | Reached skill level 5 in Conjurations
   880 | D:1      | Reached XP level 3. HP: 19/19 MP: 6/9
  1154 | D:2      | Found a radiant altar of Vehumet.
  1158 | D:2      | Found Apno's Weapon Shoppe.
  1174 | D:2      | Became a worshipper of Vehumet
  1237 | D:2      | Learned a level 2 spell: Searing Ray
  1655 | D:2      | Identified the +6 flail "Eduase" {freeze, rC++ Str-5}
  1685 | D:2      | Reached XP level 4. HP: 24/24 MP: 8/11
  1715 | D:2      | Reached skill level 4 in Spellcasting
  2015 | D:2      | Noticed Sigmund
  2665 | D:2      | Killed Sigmund
  2666 | D:2      | Reached skill level 5 in Spellcasting
  2666 | D:2      | Reached XP level 5. HP: 14/28 MP: 4/15
  2858 | D:2      | Identified a scroll of acquirement
  2858 | D:2      | Acquired the +2 helmet "Gacles" {Int+6}
  3039 | D:3      | Found a faded altar of an unknown god.
  3194 | D:3      | Reached XP level 6. HP: 32/32 MP: 13/16
  3446 | D:3      | Reached skill level 6 in Spellcasting
  3492 | D:3      | Learned a level 2 spell: Poisonous Vapours
  3494 | D:3      | Learned a level 1 spell: Sting
  3500 | D:3      | Found an ancient bone altar of Kikubaaqudgha.
  3921 | D:3      | Found a white marble altar of Elyvilon.
  3947 | D:3      | Reached skill level 1 in Short Blades
  3947 | D:3      | Reached * piety under Vehumet
  3947 | D:3      | Offered knowledge of Shock by Vehumet.
  4574 | D:4      | Found a sparkling altar of Nemelex Xobeh.
  4593 | D:4      | Reached XP level 7. HP: 37/37 MP: 9/18
  4594 | D:4      | Reached skill level 1 in Poison Magic
  4906 | D:4      | Reached skill level 1 in Bows
  5428 | D:4      | Found a radiant altar of Vehumet.
  5573 | D:4      | Noticed Grinder
  5584 | D:4      | Killed Grinder
  5585 | D:4      | Reached skill level 7 in Spellcasting
  5585 | D:4      | Reached skill level 1 in Necromancy
  5669 | D:4      | Learned a level 4 spell: Fulminant Prism
  5728 | D:5      | Entered Level 5 of the Dungeon
  5762 | D:5      | Reached skill level 1 in Evocations
  5960 | D:5      | Reached skill level 1 in Fighting
  6296 | D:5      | Offered knowledge of Sandblast by Vehumet.
  6297 | D:5      | Reached XP level 8. HP: 43/43 MP: 12/21
  6356 | D:5      | Reached ** piety under Vehumet
  6357 | D:5      | Reached skill level 1 in Fire Magic
  7017 | D:5      | Found a runed translucent door.
  7092 | D:5      | Reached skill level 8 in Spellcasting
  7268 | D:5      | Noticed bchevrier's ghost (novice GnWn)
  7337 | D:5      | Found a runed translucent door.
  7549 | D:5      | Killed bchevrier's ghost
  7941 | D:6      | Found an ornate altar of the Wu Jian Council.
  8312 | D:6      | Reached XP level 9. HP: 48/48 MP: 8/23
  8444 | D:6      | Found a staircase to the Ecumenical Temple.
  8472 | D:6      | Reached skill level 9 in Spellcasting
  8472 | D:6      | Reached skill level 1 in Hexes
  8512 | D:6      | Found a sand-covered staircase.
  9717 | D:7      | Found a blossoming altar of Fedhas.
  9821 | D:7      | Noticed Pikel
  9825 | D:7      | Killed Pikel
  9848 | D:7      | Reached skill level 10 in Spellcasting
 10178 | D:7      | Offered knowledge of Inner Flame by Vehumet.
 10265 | D:7      | Learned a level 3 spell: Stone Arrow
 10598 | D:8      | Noticed a death yak
 10599 | D:8      | Found a staircase to the Lair.
 10599 | D:8      | Noticed a death yak
 10599 | D:8      | Noticed a death yak
 10599 | D:8      | Noticed a death yak
 10599 | D:8      | Noticed a death yak
 10601 | D:8      | Noticed a death yak
 10601 | D:8      | Noticed a death yak
 10710 | D:8      | Slain by a death yak

Illustrated notes

Levels and vault maps discovered:
D:1:      mrwooster_arrival_statue_2, layout_basic, serial_shops,
          shop_fountains, minmay_pentomino_x4
D:2:      layout_loops_corners, serial_shops, nicolae_shop_advertising_works
          [nicolae_subvault_shop_adworks], basic_altar, uniq_sigmund
D:3:      cheibrodos_greedy_goblins, layout_basic,
          mainiacjoe_overflow_concentric_impassable, elyvilon_altar_3,
          hellmonk_ecumenical_altar_leap_of_faith, chequers_jeans,
          nicolae_grassy_gnolls
D:4:      layout_cave_pods, kennysheep_mini, mainiacjoe_overflow_chevrons,
          uniq_grinder
D:5:      layout_loops_ring, ebering_ghost_sewer_f
D:6:      layout_basic, nicolae_wu_jian_wuxing_cycle,
          minmay_temple_entry_junction, nicolae_ossuary_entry_false_entrances
D:7:      layout_loops_ring, fedhas_ov_isle_minmay, minmay_diced_spiral,
          uniq_pikel
D:8:      layout_rooms, mainiacjoe_overflow_paths, dpeg_lair_monsters,
          nicolae_concentric_dashed_squares_wild, uniq_gastronok

Skill      XL: |  1  2  3  4  5  6  7  8  9 |
---------------+----------------------------+-----
Conjurations   | 5 6 7 8 |  8.7
Spellcasting   | 5 6 7 8 10 | 10.2
Stealth        | 3 4 |  4.5
Short Blades   | 1 2 3 |  3.0
Poison Magic   | 2 3 |  3.7
Bows           | 2 3 4 |  4.7
Necromancy     | 1 2 4 |  4.1
Evocations     | 2 3 |  3.2
Fighting       | 1 2 |  2.9
Fire Magic     | 1 3 |  3.0
Hexes          | 2 |  2.7
Dodging        | |  2.7
Air Magic      | |  0.2

Action                   |  1- 3 |  4- 6 |  7- 9 || total
-------------------------+-------+-------+-------++-------
 Cast: Magic Dart        |    62 |    60 |    95 ||   217
       Searing Ray       |     5 |    25 |    28 ||    58
       Poisonous Vapours |       |    16 |     3 ||    19
       Fulminant Prism   |       |       |    54 ||    54
       Stone Arrow       |       |       |     5 ||     5
Evoke: Wand              |       |       |     4 ||     4
  Use: Scroll            |       |     2 |     6 ||     8
       Potion            |       |       |     1 ||     1
Armor: Robe              |       |     6 |    11 ||    17
Dodge: Dodged            |       |     7 |    31 ||    38
